 Dungeon Crawl Stone Soup version 0.19.1 (webtiles) character file.

65 Ladykiller69 the Grasshopper (level 3, -1/16 HPs)
             Began as a Felid Warper on Dec 26, 2016.
             Slain by a worm (10 damage)
             ... on level 2 of the Dungeon.
             The game lasted 00:03:47 (2626 turns).

Ladykiller69 the Grasshopper (Felid Warper)         Turns: 2626, Time: 00:03:48

Health: -1/16      AC:  1    Str:  7    XL:     3   Next: 92%
Magic:  7/7        EV: 19    Int: 14    God:
Gold:   74         SH:  0    Dex: 16    Spells: 0 memorised, 6 levels left
                                        Lives:  0   Deaths: 0

rFire  . . .     SeeInvis +       - Unarmed
rCold  . . .     Gourm    .     (armour unavailable)
rNeg   . . .     Faith    .     (shield unavailable)
rPois  .         Spirit   .     (helmet unavailable)
rElec  .         Reflect  .     (cloak unavailable)
rCorr  .         Harm     .     (gloves unavailable)
MR     .....                    (boots unavailable)
Stlth  ++........               (no amulet)
                                (no ring)
                                (no ring)

@: quick
A: no armour, no weapons or thrown items, stealth, claws 1, fangs 3, see
invisible, carnivore 3, speed 1, shaggy fur 1, slow metabolism 1, sharp paws
a: no special abilities


You were on level 2 of the Dungeon.
You were completely stuffed.

You visited 1 branch of the dungeon, and saw 2 of its levels.

You collected 74 gold pieces.

Inventory:

Jewellery
 f - an uncursed ring of ice {unknown}
Scrolls
 b - a scroll of blinking
 d - a scroll of recharging {unknown}
 e - 4 scrolls of teleportation {unknown}
 g - 4 scrolls of identify {unknown}
 n - a scroll of enchant weapon {unknown}
Potions
 i - a potion of cancellation {unknown}
 j - a potion of lignification {unknown}
 k - a potion of curing
 l - a potion of heal wounds {unknown}
Books
 a - a book of Spatial Translocations

   Spells                             Type                      Level
   a - Blink                          Translocation                2
   b - Shroud of Golubria             Charms/Translocation         2
   c - Lesser Beckoning               Translocation                3
   d - Portal Projectile              Translocation                3
   e - Teleport Other                 Translocation                3
   f - Passage of Golubria            Translocation                4
Comestibles
 c - 2 meat rations
 h - a beef jerky
 m - 3 chunks of flesh


   Skills:
 + Level 2.9 Fighting
 + Level 4.0 Dodging
 + Level 1.5 Stealth
 * Level 2.8 Unarmed Combat
 - Level 2.0 Spellcasting
   Level 4.4 Translocations


You had 6 spell levels left.
You didn't know any spells.

Dungeon Overview and Level Annotations

Branches:
Dungeon (2/15)

Altars:


Innate Abilities, Weirdness & Mutations

You cannot wear armour.
You are incapable of wielding weapons or throwing items.
Your paws allow you to move quietly. (Stealth)
You have sharp claws.
You have razor-sharp teeth.
You have supernaturally acute eyesight. (SInv)
You are carnivorous and can eat meat at any time.
You cover ground quickly.
You are covered in fur. (AC +1)
You have a slow metabolism.
Your sharp claws are effective at attacking unaware monsters.


Message History

There is a stone staircase leading down here.
The worm is too close now for your liking.
You scratch the worm. You bite the worm.
The worm is heavily wounded.
The worm bites you.
You scratch the worm.
The worm is heavily wounded.
You barely miss the worm.
The worm is heavily wounded.
The worm closely misses you.
You scratch the worm but do no damage.
The worm is heavily wounded.
You scratch the worm.
The worm is severely wounded.
The worm misses you.
You scratch the worm.
The worm is severely wounded.
The worm bites you!
Ouch! That really hurt!
You die...

#### #...# #...#
#...# ###...# #.....#
#.#...# #w#.w.#
#w#.@.# #.##.##
#.##.# #.##.#
#.##.################
#.##>................
#........%.##########
####.#####.#
#........#.##########


You could see a worm.

Vanquished Creatures
  An adder (D:2)
  2 worms (D:2)
  2 dart slugs (D:1)
  3 leopard geckos (D:1)
  A ball python (D:1)
  2 bats (D:1)
  2 giant cockroaches
  6 hobgoblins
  3 jackals (D:2)
  5 kobolds
  2 frilled lizards (D:2)
  7 goblins (D:1)
  5 rats
41 creatures vanquished.

Notes
Turn   | Place    | Note
-------+----------+-------------------------------------------
     0 | D:1      | Ladykiller69 the Felid Warper began the quest for the Orb.
     0 | D:1      | Reached XP level 1. HP: 9/9 MP: 4/4
   375 | D:1      | Reached XP level 2. HP: 5/13 MP: 6/6
  1222 | D:1      | Reached XP level 3. HP: 12/16 MP: 7/7
  2114 | D:2      | Reached skill level 1 in Stealth
  2626 | D:2      | Slain by a worm

Skill      XL: |  1  2  3 |
---------------+----------+-----
Stealth        | 1 |  1.5
Dodging        | 4 |  4.0
Fighting       | |  2.9
Unarmed Combat | |  2.8
Spellcasting   | |  2.0
Translocations | |  4.4

Action                   || total
-------------------------++-------
Melee: Unarmed           ||   179
       Bite              ||    14
       Punch             ||     1
 Stab: Sleeping          ||     4
  Eat: Chunk             ||    11
Armor: Skin              ||     6
Dodge: Dodged            ||   151
